 Dungeon Crawl Stone Soup version 0.28-a0-726-g4a9143789a (webtiles) character file.

Game seed: 6112942469024166920

123 jasper the Skirmisher (level 4, -22/34 (37) HPs)
             Began as a Demonspawn Artificer on Oct 28, 2021.
             Killed from afar by Ijyb (30 damage)
             ... with a bolt of acid
             ... on level 3 of the Dungeon.
             The game lasted 00:05:24 (2980 turns).

jasper the Skirmisher (Demonspawn Artificer)        Turns: 2980, Time: 00:05:25

HP:   -22/34 (37)   AC:  2    Str: 10 (13) XL:     4   Next: 80%
MP:   4/4           EV:  9    Int: 11 (13) God:
Gold: 150           SH:  4    Dex: 12 (13) Spells: 3/3 levels left

rFire   . . .      SeeInvis .   l - +0 spear
rCold   . . .      Faith    .   o - +0 buckler
rNeg    . . .      Spirit   .   f - +0 ring mail
rPois   .          Reflect  .   i - +0 helmet
rElec   .          Harm     .   (no cloak)
rCorr   .          Rampage  .   (no gloves)
Will    .....                   (no boots)
Stlth   +.........              (no amulet)
HPRegen 0.11/turn               (no ring)
MPRegen 0.09/turn               (no ring)

@: corroded, drained
A: spiny 1, demonic magic 1
a: no special abilities


You were on level 3 of the Dungeon.
You visited 1 branch of the dungeon, and saw 3 of its levels.

You collected 150 gold pieces.

Inventory:

Hand Weapons
 a - a +0 club
 g - a +0 hand axe
 l - a +0 spear (weapon)
 q - a +0 falchion
Missiles
 j - 76 stones (quivered)
 r - 4 poisoned darts
Armour
 b - a +0 leather armour
 f - a +0 ring mail (worn)
 i - a +0 helmet (worn)
 o - a +0 buckler (worn)
 p - a +0 chain mail
Wands
 d - a wand of charming (1)
 m - a wand of polymorph (9)
Potions
 c - 2 potions of lignification
 h - a potion of magic
Miscellaneous
 e - a piece from Xom's chessboard (15/15)


   Skills:
 + Level 4.0 Fighting
 - Level 1.7 Armour
 - Level 0.8 Dodging
 - Level 0.8 Stealth
 + Level 2.0 Shields
 - Level 3.0 Evocations


You had 3 spell levels left.
You didn't know any spells.
Your spell library contained the following spells:

 Spells                   Type           Power      Damage    Failure   Level
 Sublimation of Blood     Necr           0%         N/A       87%         2
 Wereblood                Tmut           0%         N/A       87%         2
 Gell's Gravitas          Tloc           0%         N/A       98%         3
 Lesser Beckoning         Tloc           0%         N/A       98%         3
 Teleport Other           Tloc           0%         N/A       98%         3
 Summon Hydra             Summ           0%         N/A       100%        7


Dungeon Overview and Level Annotations

Branches:
Dungeon (3/15)

Altars:

Annotations:
D:3 Ijyb


Innate Abilities, Weirdness & Mutations

You are partially covered in sharp spines.
Spells you cast may paralyse adjacent enemies.


Message History

There was something very wrong with that liquid.
You feel weakened.
You feel dopey.
You feel clumsy.
Something barely misses the kobold brigand.
The kobold brigand is struck by your spines.
The kobold brigand hits you with a +0 club!
* * * LOW HITPOINT WARNING * * *
You take 7 damage, and have 8/34 hp.
MASSIVE DAMAGE!!
You aren't carrying any scrolls.
Unknown command.
What are your orders? t - Shout!
Orders for allies: a - Attack new target. p - Attack previous target. r - Retreat! s - Stop attacking. g - Guard the area. f - Follow me.
Anything else - Cancel.
Gang up on whom?
Press: ? - help, Dir - move target, f - kobold brigand, p - Ijyb
Aim: a kobold brigand, wielding a +0 club and quivering poisoned darts (moderately wounded) Attack!
The kobold brigand is struck by your spines.
The kobold brigand hits you with a +0 club.
* * * LOW HITPOINT WARNING * * *
Ijyb hits the kobold brigand but does no damage.
Something barely misses Ijyb.
You take 1 damage, and have 7/34 hp.
You completely miss the kobold brigand.
The kobold brigand is heavily wounded.
The kobold brigand barely misses you.
Ijyb closely misses the kobold brigand.
Something barely misses Ijyb.
You hit the kobold brigand but do no damage.
The kobold brigand is heavily wounded.
You block the kobold brigand's attack.
Ijyb zaps a wand.
The bolt of acid hits the kobold brigand!!
The acid corrodes the kobold brigand!
The kobold brigand dies!
Ijyb looks more experienced.
The bolt of acid hits you!!
Ouch! That really hurt!
You die...

.# #......# #.#####.#.###
.# #...#### #.#.........#
.###...# #.#.###.#.#.#
...#...#### #.# #....<...
............ #.# #.##..###
.#.##################.#
#...<....
.#......#.#.#...#.#.#.#
#.#.#.###
.######.##.#..#..#.##.#
#.#.....# †#
#.#.#..###@.#.#.# #.......#
.# #.##..## ##).##.#
######.#. .# #.#..##
##g.#.#.......... .#
#...##..?.Z†(.#.#######.#..
.#
#.#..##...##..#.#######.#..
.. ...##..##.
..##.......#.#.. ## #####
#..# .#.#.......#.#.. #..#
.# ##.......#.##. #...#
#.#######. #.


You could see the friendly Ijyb (charmed, unaware).

Vanquished Creatures
  6 adders
  A worm (D:3)
  A dart slug (D:1)
  2 orcs (D:3)
  A ball python (D:1)
  10 bats
  5 endoplasms
  2 giant cockroaches
  6 hobgoblins
  10 jackals
  6 frilled lizards
  2 goblins
  4 kobolds
  2 rats (D:1)
58 creatures vanquished.

Vanquished Creatures (collateral kills)
  A kobold brigand (D:3)
  A rat (D:1)
2 creatures vanquished.

Vanquished Creatures (others)
  2 jackals (D:1)
  3 kobolds (D:1)
5 creatures vanquished.

Grand Total: 65 creatures vanquished

Notes
Turn   | Place    | Note
-------+----------+-------------------------------------------
     0 | D:1      | jasper the Demonspawn Artificer began the quest for the
                  | Orb.
     0 | D:1      | Reached XP level 1. HP: 15/15 MP: 1/1
   201 | D:1      | Found a faded altar of an unknown god.
   214 | D:1      | Reached skill level 2 in Fighting
   245 | D:1      | Gained mutation: Spells you cast may paralyse adjacent
                  | enemies. [demonic ancestry]
   245 | D:1      | Reached XP level 2. HP: 19/22 MP: 2/2
   876 | D:1      | Reached skill level 3 in Fighting
   879 | D:1      | Gained mutation: You are partially covered in sharp spines.
                  | [demonic ancestry]
   879 | D:1      | Reached XP level 3. HP: 15/29 MP: 3/3
  1646 | D:2      | Reached skill level 1 in Shields
  1739 | D:2      | Reached XP level 4. HP: 31/35 MP: 4/4
  1954 | D:2      | Noticed an ogre
  2966 | D:3      | Noticed Ijyb
  2968 | D:3      | Noticed a kobold brigand
  2969 | D:3      | Reached skill level 4 in Fighting
  2980 | D:3      | Killed a kobold brigand
  2980 | D:3      | Killed from afar by Ijyb

Illustrated notes

Levels and vault maps discovered:
D:1:      dpeg_arrival_houses_and_road, layout_loops_ring,
          shapermc_ecumenical_altar_totnotflames, minmay_misc_feat_alley
D:2:      layout_rooms, basic_altar, kennysheep_potato, uniq_sigmund
D:3:      minmay_diamond_boxcup, layout_basic, minmay_pentomino_pile, uniq_ijyb

Skill      XL: |  1  2  3  4 |
---------------+-------------+-----
Fighting       | 2 3 4 |  4.0
Shields        | 1 2 |  2.0
Armour         | |  1.7
Dodging        | |  0.8
Stealth        | |  0.8
Evocations     | |  3.0

Action                   |  1- 3 |  4- 6 || total
-------------------------+-------+-------++-------
Melee: Club              |    46 |       ||    46
       Spear             |    48 |    74 ||   122
Throw: Stone             |    20 |     9 ||    29
       Dart              |       |    15 ||    15
Evoke: Wand              |    24 |     5 ||    29
  Use: Scroll            |     5 |     4 ||     9
       Potion            |       |     3 ||     3
Armor: Ring mail         |    52 |    17 ||    69
Dodge: Dodged            |    52 |    21 ||    73
Block: Buckler           |     4 |    12 ||    16

Table legend: (Time is in decaauts)
 A = Elapsed time spent in this place.
 B = Non-inter-level travel time spent in this place.
 C = Inter-level travel time spent in this place.
 D = Time resting spent in this place.
 E = Time spent auto-exploring this place.
 F = Levels seen in this place.
 G = Mean time per level.
                   A        B        C        D        E       F      G
               +--------+--------+--------+--------+--------+-----+--------+
         Total |   3018 |   2956 |     62 |    560 |   1816 |   3 | 1006.0 |
       Dungeon |   3018 |   2956 |     62 |    560 |   1816 |   3 | 1006.0 |
               +--------+--------+--------+--------+--------+-----+--------+

Top non-repeatable levels by time:
     D:1: 1684 daAuts
     D:3: 998 daAuts
     D:2: 335 daAuts
